[Event "Titled Tuesday Blitz May 9 Late 2023"]
[White "James, Stuart"]
[Black "Ezat, Mohamed"]
[WhiteFideId "7400489"]
[BlackFideId "10600906"]
[WhiteElo "1950"]
[BlackElo "2386"]
[Result "0-1"]
[Round "01"]
[TimeControl "180+2"]
[Date "2023.05.09"]
[WhiteClock "0:00:31"]
[BlackClock "0:00:09"]

1. e4 c6 2. Nf3 d5 3. Nc3 Bg4 4. h3 Bh5 5. Be2 e6 6. O-O Nd7 7. d3 Qc7 8. Re1 Bb4 9. Bd2 Bxc3 10. Bxc3 Ngf6 11. exd5 cxd5 12. Bb4 Nc5 13. Qd2 O-O 14. Qc3 Rfc8 15. Qxc5 Qxc5 16. Bxc5 Rxc5 17. c3 Rc7 18. Ne5 Bxe2 19. Rxe2 a5 20. a4 h6 21. Ra3 Ne8 22. Rb3 Nd6 23. Rb6 Rd8 24. Nf3 Kf8 25. Nd4 Nc8 26. Rb3 Ke7 27. Nf5+ Kf6 28. Nd4 Nd6 29. Nb5 Nxb5 30. Rxb5 Ra8 31. d4 Rc4 32. Re3 Ra7 33. b3 Rc6 34. Rc5 Rxc5 35. dxc5 Ra8 36. Kf1 Rc8 37. b4 axb4 38. cxb4 e5 39. Ke2 d4 40. Rb3 Ke6 41. Kd3 Kd5 42. f3 f5 43. g4 e4+ 44. fxe4+ fxe4+ 45. Ke2 Kc4 46. Rb1 d3+ 47. Ke3 Kc3 48. Kxe4 d2 49. b5 Rxc5 50. Ra1 Kb2 51. Rh1 Kc2 52. Rh2 Rc4+ 53. Ke3 Rc3+ 54. Ke4 Kc1 55. Kd4 Ra3 56. Rh1+ d1=Q+ 57. Rxd1+ Kxd1 58. Kc5 Rxa4 59. Kb6 Rb4 60. Kxb7 Rxb5+ 61. Kc6 Rg5 62. Kd6 h5 63. Ke6 hxg4 64. hxg4 Rxg4 65. Kf7 Ke2 66. Ke6 Ke3 67. Kf5 Kf3 68. Ke5 g5 69. Kf5 Rg3 70. Ke5 g4 71. Kd5 Rh3 72. Ke6 g3 73. Kd6 g2 74. Kd5 g1=Q 75. Ke5 Qg5+ 76. Ke6 Rh6+ 77. Kf7 Qf6+ 78. Kg8 Qc6 79. Kg7 Rd6 80. Kf7 Rd7+ 81. Ke8 Qc8# 0-1


[Site "https://www.chess.com"]

[Event "Titled Tuesday Blitz May 9 Late 2023"]
[White "Haszon, David"]
[Black "Joubert, Dantelle"]
[WhiteFideId "733610"]
[BlackFideId "14310813"]
[WhiteElo "2210"]
[BlackElo "1507"]
[Result "1/2-1/2"]
[Round "01"]
[TimeControl "180+2"]
[Date "2023.05.09"]
[WhiteClock "0:00:04"]
[BlackClock "0:00:05"]

1. e4 d5 2. exd5 Qxd5 3. Nc3 Qd6 4. Nf3 Nf6 5. g3 Bg4 6. Bg2 c6 7. O-O e6 8. h3 Bh5 9. Qe1 Be7 10. d3 O-O 11. Bf4 Qd8 12. Ne5 Nbd7 13. Qe3 Nxe5 14. Qxe5 Bg6 15. a4 Nh5 16. Bd2 Qb6 17. Rab1 a5 18. Kh2 Rfd8 19. f4 Qd4 20. Qxd4 Rxd4 21. Be3 Rd7 22. Ne4 Nf6 23. Nc5 Rc7 24. Rbe1 Nd5 25. Bg1 Nb4 26. Re2 Bf6 27. b3 Rd8 28. g4 Bd4 29. Bxd4 Rxd4 30. Kg3 h5 31. f5 exf5 32. gxf5 h4+ 33. Kh2 Bh5 34. Re8+ Kh7 35. f6 gxf6 36. Ne4 Nd5 37. Bf3 Bg6 38. Bg2 Kg7 39. Ra8 b6 40. Rb8 Re7 41. Nd6 Re2 42. Ne8+ Kh7 43. Nxf6+ Nxf6 44. Rxf6 Rd5 45. Kh1 Rg5 46. Bxc6 Re1+ 47. Kh2 Re2+ 48. Kh1 Re1+ 49. Kh2 Re2+ 50. Kh1 1/2-1/2


[Site "https://www.chess.com"]

[Event "Titled Tuesday Blitz May 9 Late 2023"]
[White "Castillo Pena, Patricia Evarista"]
[Black "Gonzalez, Francisco Silva"]
[WhiteFideId "6412106"]
[BlackFideId "1512285"]
[WhiteElo "1919"]
[BlackElo "2074"]
[Result "0-1"]
[Round "01"]
[TimeControl "180+2"]
[Date "2023.05.09"]
[WhiteClock "0:00:00"]
[BlackClock "0:00:35"]

1. d4 Nf6 2. Nf3 d5 3. e3 c5 4. Bd3 Nc6 5. b3 Bg4 6. Bb2 cxd4 7. exd4 Qa5+ 8. Nbd2 e6 9. O-O Ba3 10. Bxa3 Qxa3 11. Qc1 Qxc1 12. Raxc1 O-O 13. h3 Bxf3 14. Nxf3 Nb4 15. a4 Rac8 16. Ne5 Na2 17. Rce1 Nc3 18. Re3 g6 19. Rfe1 Kg7 20. a5 Rc7 21. b4 a6 22. g4 Rfc8 23. Kg2 Nfe4 24. f3 Nd6 25. g5 Nf5 26. Bxf5 gxf5 27. h4 Na2 28. R1e2 Rxc2 29. Nd7 Nxb4 30. Nc5 R8xc5 31. dxc5 Rxc5 32. Rb3 Rc4 33. Reb2 Nc6 34. Rxb7 Nxa5 35. Ra7 Rc6 36. Rb8 f4 37. Rba8 e5 38. Rxa6 Rc2+ 39. Kf1 Nc4 40. R8a7 Ne3+ 41. Ke1 Rc8 42. Rf6 Rf8 43. h5 Ng2+ 44. Kf2 Nh4 45. h6+ Kg8 46. Rfa6 e4 47. fxe4 dxe4 48. Ra4 e3+ 49. Ke2 Ng6 50. R7a6 Rd8 51. Rxg6+ hxg6 52. Rxf4 Rd5 53. Rg4 Re5 54. Rg3 Kh7 55. Rxe3 Rxg5 56. Re7 Rf5 57. Ke3 Kxh6 58. Ke4 Kg5 59. Re8 Kf6 60. Rg8 Re5+ 61. Kf4 g5+ 62. Kf3 Rf5+ 0-1


[Site "https://www.chess.com"]

[Event "Titled Tuesday Blitz May 9 Late 2023"]
[White "Grycel, Kamil"]
[Black "Dmitriev, Sergey"]
[WhiteFideId "1115499"]
[BlackFideId "14101785"]
[WhiteElo "2519"]
[BlackElo "2132"]
[Result "1-0"]
[Round "01"]
[TimeControl "180+2"]
[Date "2023.05.09"]
[WhiteClock "0:00:13"]
[BlackClock "0:00:05"]

1. d4 d6 2. Nf3 g6 3. g3 Bg7 4. Bg2 Nf6 5. O-O c6 6. c4 O-O 7. Nc3 Bg4 8. h3 Bxf3 9. Bxf3 Nbd7 10. e3 e5 11. b3 exd4 12. exd4 Re8 13. Bf4 Nf8 14. Qd2 Ne6 15. Be3 d5 16. cxd5 Nxd5 17. Nxd5 cxd5 18. Rac1 Qd7 19. Qa5 Red8 20. Rfd1 b6 21. Qa6 Rac8 22. Qd3 Rxc1 23. Rxc1 h5 24. h4 f5 25. Kg2 Qd6 26. Bg5 Nxg5 27. hxg5 Kh7 28. Qb5 Bxd4 29. Rd1 Qc5 30. Qe2 Rd7 31. Re1 Qd6 32. Qe8 Bg7 33. Re6 Qc7 34. Qxg6+ Kg8 35. Qxf5 Rf7 36. Qxd5 Qd7 37. Qe4 h4 38. gxh4 Qd8 39. Re8+ Rf8 40. Rxd8 Rxd8 41. Qe6+ Kh8 42. Be4 Rf8 43. Qg6 Kg8 44. Bd5+ Kh8 45. h5 a5 46. h6 Be5 47. Be4 Rf7 48. Qxf7 Bg7 49. Qxg7# 1-0


[Site "https://www.chess.com"]

[Event "Titled Tuesday Blitz May 9 Late 2023"]
[White "Burke, Paul"]
[Black "Rengifo Blancas, Renzo Jhonathan"]
[WhiteFideId "2605767"]
[BlackFideId "3807185"]
[WhiteElo "1900"]
[BlackElo "2085"]
[Result "1-0"]
[Round "01"]
[TimeControl "180+2"]
[Date "2023.05.09"]
[WhiteClock "0:00:37"]
[BlackClock "0:01:18"]

1. e4 e5 2. Nf3 Nc6 3. Bc4 Nf6 4. d4 d6 5. Ng5 d5 6. exd5 Nxd5 7. Nxf7 Kxf7 8. Qf3+ Ke6 9. O-O Nxd4 10. Qh3+ Kd6 11. Qa3+ Kc6 12. Qa4+ Kb6 13. c3 Bd7 14. Qd1 Bb5 15. Bxb5 Nxb5 16. c4 Nd4 17. cxd5 Qxd5 18. Nc3 Qc6 19. Be3 Bc5 20. Rc1 Ka6 21. Qd3+ b5 22. Na4 e4 23. Nxc5+ Qxc5 24. Qxd4 Qxd4 25. Bxd4 Rhc8 26. Rc6+ Kb7 27. Rfc1 a5 28. Be5 g6 29. Rxc7+ Rxc7 30. Rxc7+ Kb6 31. Rxh7 Rc8 32. h3 Rc1+ 33. Kh2 Rc2 34. Rh6 Rxf2 35. Bd4+ Kc6 36. Bxf2 Kd5 37. Rxg6 e3 38. Bxe3 Ke4 39. Bd2 Kf5 40. Rg4 b4 41. Rc4 Ke5 42. Rc5+ Kd4 43. Rxa5 Kd3 44. Bxb4 Kc2 45. Bc3 Kc1 46. Rd5 Kb1 47. a4 Ka2 48. a5 Kb3 49. a6 Kc2 50. a7 Kb3 51. a8=Q Kc2 52. Qa4+ Kb1 53. Rd1# 1-0


[Site "https://www.chess.com"]

[Event "Titled Tuesday Blitz May 9 Late 2023"]
[White "Karas, Marek"]
[Black "Sanchez, Robert"]
[WhiteFideId "14928558"]
[BlackFideId "2034360"]
[WhiteElo "2233"]
[BlackElo "1868"]
[Result "1-0"]
[Round "01"]
[TimeControl "180+2"]
[Date "2023.05.09"]
[WhiteClock "0:00:51"]
[BlackClock "0:00:22"]

1. Nf3 d5 2. g3 c6 3. Bg2 Nf6 4. O-O Bf5 5. d3 e6 6. c4 Nbd7 7. Qb3 b6 8. cxd5 cxd5 9. Nc3 Be7 10. Bf4 O-O 11. Ne5 Nxe5 12. Bxe5 Nd7 13. Bf4 Nc5 14. Qd1 h6 15. e4 dxe4 16. dxe4 Bg6 17. Qe2 Qd3 18. Rfe1 Qxe2 19. Rxe2 Rac8 20. Rd1 Rfd8 21. Rxd8+ Rxd8 22. Rd2 Rxd2 23. Bxd2 Bf6 24. f3 Nd3 25. b3 Bd4+ 26. Kf1 f5 27. Ke2 Bxc3 28. Bxc3 fxe4 29. fxe4 Nc1+ 30. Ke3 Nxa2 31. Bd2 a5 32. Kd4 e5+ 33. Kxe5 Bf7 34. Be3 Bxb3 35. Bxb6 a4 36. Bc5 Nc1 37. Ba3 Bf7 1-0


[Site "https://www.chess.com"]

[Event "Titled Tuesday Blitz May 9 Late 2023"]
[White "Panico, Nick"]
[Black "WindWhistler11"]
[WhiteFideId "2026724"]
[WhiteElo "1982"]
[BlackElo "2513"]
[Result "0-1"]
[Round "01"]
[TimeControl "180+2"]
[Date "2023.05.09"]
[WhiteClock "0:00:32"]
[BlackClock "0:00:16"]

1. d4 Nf6 2. Bf4 e6 3. e3 c5 4. c3 Nc6 5. Nd2 b6 6. Ngf3 Bb7 7. h3 Be7 8. a4 cxd4 9. exd4 d6 10. Be2 O-O 11. O-O Re8 12. Qb3 Na5 13. Qa2 Rc8 14. Rfe1 h6 15. Bb5 Nd7 16. Nc4 Bd5 17. b3 Nxc4 18. bxc4 Bxf3 19. gxf3 Bf8 20. a5 Rc7 21. Qa4 Qf6 22. Bg3 Rd8 23. axb6 Nxb6 24. Qa5 Re7 25. Qb4 Qxf3 26. Qb2 Qh5 27. Kg2 Rc8 28. Ba6 Rd8 29. Reb1 Qg6 30. Qb5 Qe4+ 31. Kh2 f5 32. Re1 Qf3 33. Re3 Qh5 34. Rae1 Qf7 35. f4 g5 36. Rg1 Bg7 37. c5 Nd5 38. Rf3 Kh7 39. Qd3 Nf6 40. Bc4 d5 41. Bb5 Ne4 42. c6 Qh5 43. Qe3 g4 44. c7 Rxc7 45. h4 gxf3 46. Rf1 Rxc3 47. Bd3 Rb8 48. Rxf3 Rb2+ 49. Bf2 Qxf3 50. Qxf3 Rxf2+ 51. Qxf2 Nxf2 52. Bb5 Bxd4 53. Bd7 Rh3+ 54. Kg1 Rxh4 55. Bxe6 Rxf4 56. Kg2 Ne4 57. Bxd5 a5 58. Kh3 a4 59. Kg2 a3 60. Kh3 Kg6 61. Kg2 Kf6 62. Kh3 Ke5 63. Bf7 Ng5+ 64. Kg2 Nxf7 65. Kh3 a2 66. Kg3 a1=Q 67. Kh3 Qc3+ 68. Kg2 Qf3+ 69. Kh2 Bg1+ 70. Kxg1 Qf2+ 71. Kh1 Rh4# 0-1


[Site "https://www.chess.com"]

[Event "Titled Tuesday Blitz May 9 Late 2023"]
[White "Bambino Filho, Antonio Carlos"]
[Black "Prado, Alexandra"]
[WhiteFideId "2113163"]
[BlackFideId "3301346"]
[WhiteElo "2513"]
[BlackElo "1759"]
[Result "1-0"]
[Round "01"]
[TimeControl "180+2"]
[Date "2023.05.09"]
[WhiteClock "0:01:31"]
[BlackClock "0:00:01"]

1. d4 Nf6 2. c4 g6 3. Nc3 Bg7 4. e4 d6 5. Be2 O-O 6. Bg5 h6 7. Be3 e5 8. d5 Nbd7 9. Qd2 Kh7 10. h4 Nc5 11. f3 a6 12. g4 Ng8 13. Nh3 f6 14. Nf2 Rb8 15. Nd3 b6 16. b4 Nxd3+ 17. Bxd3 Ne7 18. h5 g5 19. c5 bxc5 20. bxc5 c6 21. Bc4 dxc5 22. d6 Ng8 23. O-O Bd7 24. Na4 Qa5 25. Qxa5 1-0


[Site "https://www.chess.com"]

[Event "Titled Tuesday Blitz May 9 Late 2023"]
[White "luachess1"]
[Black "Sokolov, Andrei"]
[BlackFideId "11600306"]
[WhiteElo "1679"]
[BlackElo "2473"]
[Result "0-1"]
[Round "01"]
[TimeControl "180+2"]
[Date "2023.05.09"]
[WhiteClock "0:00:05"]
[BlackClock "0:00:15"]

1. d4 Nf6 2. c4 e6 3. Nc3 c5 4. d5 exd5 5. cxd5 d6 6. Bg5 h6 7. Bh4 g6 8. e4 a6 9. a3 Bg7 10. Rc1 O-O 11. Nf3 Re8 12. Bd3 g5 13. Bg3 b5 14. b4 c4 15. Bc2 Nxe4 16. Nxe4 f5 17. O-O fxe4 18. Nd2 Bf5 19. Re1 Bb2 20. Rb1 Bc3 21. Re3 Bd4 22. Re1 Bc3 23. Re3 Bxd2 24. Qxd2 Ra7 25. Qe2 Rae7 26. Re1 a5 27. Qh5 Kg7 28. h4 Bg6 29. Qg4 axb4 30. axb4 Na6 31. Bxe4 Nxb4 32. Bxg6 Rxe3 33. Rxe3 Rxe3 34. fxe3 Kxg6 35. Qe6+ Qf6 36. Qe8+ Qf7 37. Qe4+ Kg7 38. Bxd6 Nxd5 39. Be5+ Nf6 40. Qd4 Qe6 41. hxg5 hxg5 42. Qa7+ Kg6 43. Qd4 Ng4 44. Bh8 Qxe3+ 45. Qxe3 Nxe3 46. Kf2 Nd5 47. Ke2 b4 48. Kd2 b3 49. Kc1 c3 50. Be5 Kf5 51. Bd4 Ke4 0-1


[Site "https://www.chess.com"]

[Event "Titled Tuesday Blitz May 9 Late 2023"]
[White "Ronka, Erik"]
[Black "Silva Rosas, Natalia"]
[WhiteFideId "505080"]
[BlackFideId "3000575"]
[WhiteElo "2264"]
[BlackElo "1651"]
[Result "1-0"]
[Round "01"]
[TimeControl "180+2"]
[Date "2023.05.09"]
[WhiteClock "0:02:21"]
[BlackClock "0:00:09"]

1. e4 c5 2. Nf3 e6 3. g3 Nc6 4. Bg2 d5 5. exd5 exd5 6. d4 cxd4 7. Nxd4 Nxd4 8. Qxd4 Be6 9. Nc3 a6 10. Nxd5 Rc8 11. O-O Rc5 12. c4 Bxd5 13. Bxd5 Rxd5 14. Qxd5 Qxd5 15. cxd5 Nf6 16. Rd1 Bd6 17. Bg5 Nd7 18. Re1+ Kf8 19. Rac1 g6 20. Bh6+ Kg8 21. Re8+ Nf8 22. Rcc8 1-0


[Site "https://www.chess.com"]

[Event "Titled Tuesday Blitz May 9 Late 2023"]
[White "awayceiling"]
[Black "Bilan, Danila"]
[BlackFideId "24161918"]
[WhiteElo "1314"]
[BlackElo "2182"]
[Result "0-1"]
[Round "01"]
[TimeControl "180+2"]
[Date "2023.05.09"]
[WhiteClock "0:00:10"]
[BlackClock "0:00:54"]

1. e4 c6 2. d4 d5 3. Nc3 dxe4 4. Nxe4 Bf5 5. Ng3 Bg6 6. h4 h6 7. Nf3 Nd7 8. Bd3 Bxd3 9. Qxd3 Qc7 10. O-O e6 11. Re1 Ngf6 12. Ne5 Be7 13. Bf4 Nd5 14. Bd2 Bxh4 15. Nxd7 Qxd7 16. Qe4 Bxg3 17. fxg3 Nf6 18. Qe5 Qd5 19. Qe3 O-O 20. Rf1 Qh5 21. Qf4 Ng4 22. Rf3 Qh2+ 0-1


[Site "https://www.chess.com"]

[Event "Titled Tuesday Blitz May 9 Late 2023"]
[White "Rosen, Eric"]
[Black "Nakamura, Hikaru"]
[WhiteFideId "2032562"]
[BlackFideId "2016192"]
[WhiteElo "2331"]
[BlackElo "2885"]
[Result "0-1"]
[Round "02"]
[TimeControl "180+2"]
[Date "2023.05.09"]
[WhiteClock "0:00:00"]
[BlackClock "0:01:08"]

1. d4 d5 2. Bf4 c5 3. Nc3 e6 4. e4 cxd4 5. Qxd4 Nc6 6. Bb5 Bd7 7. Bxc6 bxc6 8. exd5 cxd5 9. Nf3 Qb6 10. O-O-O Qxd4 11. Nxd4 f6 12. Rhe1 Kf7 13. Bg3 Bb4 14. Re3 Ne7 15. Ndb5 Nf5 16. Red3 Nxg3 17. Rxg3 Rab8 18. a3 Bc5 19. Nd4 Bd6 20. Rgd3 Rhc8 21. g3 g5 22. Re1 Bc5 23. Nb3 Bxf2 24. Rf1 Bb6 25. Ne4 Kg7 26. Nxf6 Bb5 27. Nh5+ Kg8 28. Rdf3 Bxf1 29. Rxf1 Rf8 30. Re1 Rbe8 31. Nd2 e5 32. g4 e4 33. Ng3 Bf2 34. Re2 Bxg3 35. hxg3 e3 36. Kd1 exd2 37. Rxe8 Rxe8 38. Kxd2 Re4 39. b4 Rxg4 0-1


[Site "https://www.chess.com"]

[Event "Titled Tuesday Blitz May 9 Late 2023"]
[White "Carlsen, Magnus"]
[Black "Soham Kamotra"]
[WhiteFideId "1503014"]
[BlackFideId "46647490"]
[WhiteElo "2852"]
[BlackElo "2209"]
[Result "1-0"]
[Round "02"]
[TimeControl "180+2"]
[Date "2023.05.09"]
[WhiteClock "0:00:43"]
[BlackClock "0:00:00"]

1. a4 Nf6 2. a5 e5 3. e3 d5 4. d4 e4 5. c4 c6 6. Nc3 Bd6 7. Bd2 O-O 8. cxd5 cxd5 9. Qb3 Nc6 10. Nxd5 Nxd5 11. Qxd5 Re8 12. Qb3 Qf6 13. Ne2 Ne7 14. Nc3 Qg6 15. g3 Bg4 16. Bg2 Bf3 17. Bxf3 exf3 18. Qxb7 Nf5 19. O-O-O Rab8 20. Qxf3 Rec8 21. Qe4 Bb4 22. g4 Nxd4 23. Qxg6 Ne2+ 24. Kb1 Nxc3+ 25. Bxc3 hxg6 26. Bxb4 Rxb4 27. Rd4 Rb5 28. Ra4 Rd8 29. Rc1 Rd2 30. Rc8+ Kh7 31. Rc2 Rd1+ 32. Ka2 Rg1 33. h3 Rg2 34. b4 Rh2 35. Kb3 Rxh3 36. Rc7 Rf3 37. Rxa7 Rxf2 38. a6 Rf3 39. Re7 Rf2 40. a7 1-0


[Site "https://www.chess.com"]

[Event "Titled Tuesday Blitz May 9 Late 2023"]
[White "benny_aizenberg"]
[Black "Naroditsky, Daniel"]
[BlackFideId "2026961"]
[WhiteElo "2627"]
[BlackElo "2633"]
[Result "1-0"]
[Round "02"]
[TimeControl "180+2"]
[Date "2023.05.09"]
[WhiteClock "0:00:23"]
[BlackClock "0:00:00"]

1. e4 c5 2. Nf3 d6 3. d4 cxd4 4. Nxd4 Nf6 5. Nc3 a6 6. Bg5 e6 7. f4 Be7 8. Qf3 Qc7 9. O-O-O Nbd7 10. g4 h6 11. Bxf6 Bxf6 12. h4 Nb6 13. g5 Bxd4 14. Rxd4 Qc5 15. Rd1 Bd7 16. Be2 O-O-O 17. Kb1 Bc6 18. a3 d5 19. exd5 Nxd5 20. Ne4 Qb6 21. f5 hxg5 22. hxg5 Rxh1 23. Rxh1 Kb8 24. fxe6 fxe6 25. Qg3+ Ka8 26. Rd1 Rc8 27. Nd6 Rf8 28. Nc4 Qf2 29. Qxf2 Rxf2 30. Bg4 Ba4 31. Rc1 Bb5 32. Nd6 Bd7 33. Re1 Nf4 34. Ne4 Rh2 35. Nc5 Bc6 36. Nxe6 Nxe6 37. Bxe6 Rg2 38. Re5 Kb8 39. Bb3 Rg3 40. Ka2 Ka7 41. Be6 Kb6 42. b4 Kc7 43. Bb3 Bd7 44. Re7 Rxg5 45. Be6 Kd6 46. Rxd7+ Kxe6 47. Rxb7 a5 48. c4 axb4 49. axb4 Rg2+ 50. Kb3 Rg1 51. c5 g5 52. c6 g4 53. Rg7 g3 54. Kb2 Rg2+ 55. Kb3 Rg1 56. b5 Rb1+ 57. Kc4 Rc1+ 58. Kb4 Rb1+ 59. Ka5 Rb3 60. c7 Rc3 61. Kb6 Kd6 62. Kb7 Rc5 63. b6 g2 64. Rxg2 Kd5 65. Rg5+ Kd6 66. Rxc5 Kxc5 67. c8=Q+ Kb5 68. Qc6+ Kb4 69. Qd5 Ka4 70. Kc6 Kb4 71. b7 1-0


[Site "https://www.chess.com"]

[Event "Titled Tuesday Blitz May 9 Late 2023"]
[White "Lenaerts, Lennert"]
[Black "Paravyan, David"]
[WhiteFideId "211435"]
[BlackFideId "4194985"]
[WhiteElo "2334"]
[BlackElo "2563"]
[Result "0-1"]
[Round "02"]
[TimeControl "180+2"]
[Date "2023.05.09"]
[WhiteClock "0:00:12"]
[BlackClock "0:01:04"]

1. d4 Nf6 2. c4 g6 3. Nc3 d5 4. e3 Bg7 5. Qb3 c6 6. Nf3 O-O 7. Bd2 a5 8. cxd5 Nxd5 9. Nxd5 cxd5 10. Bb5 Nc6 11. O-O Bg4 12. Rac1 Bxf3 13. gxf3 e5 14. Bxc6 bxc6 15. dxe5 Bxe5 16. f4 Rb8 17. Qa4 Rxb2 18. Bxa5 Qh4 19. Rc2 Qg4+ 20. Kh1 Qf3+ 21. Kg1 Ra8 22. fxe5 Rxa5 23. Qxa5 Qg4+ 24. Kh1 Qf3+ 25. Kg1 Rxc2 26. a4 Rc4 27. Qd8+ Kg7 28. Qf6+ Qxf6 29. exf6+ Kxf6 30. Ra1 Rb4 31. a5 Rb7 32. Kf1 Ke6 33. Ke2 Kd6 34. Kd3 Ra7 35. e4 dxe4+ 36. Kxe4 Kc5 37. Ke5 Kb5 38. Kd6 c5 39. Rb1+ Kc4 40. Rc1+ Kd4 41. Rxc5 Ra6+ 42. Rc6 Rxa5 43. Ke7 f5 44. Rf6 Ra2 45. Kf7 Rxf2 46. h4 Rh2 0-1


[Site "https://www.chess.com"]

[Event "Titled Tuesday Blitz May 9 Late 2023"]
[White "Moussard, Jules"]
[Black "Taichman, Ori"]
[WhiteFideId "642908"]
[BlackFideId "2804069"]
[WhiteElo "2610"]
[BlackElo "2237"]
[Result "1-0"]
[Round "02"]
[TimeControl "180+2"]
[Date "2023.05.09"]
[WhiteClock "0:00:23"]
[BlackClock "0:00:12"]

1. c4 g6 2. h4 Nf6 3. Nc3 Bg7 4. e4 O-O 5. d4 d6 6. Be2 e5 7. d5 Na6 8. h5 Nc5 9. Qc2 a5 10. Be3 Nfd7 11. h6 Bh8 12. g4 f5 13. gxf5 gxf5 14. Nf3 f4 15. Rg1+ Kf7 16. Ng5+ Ke7 17. Bxc5 Nxc5 18. O-O-O Rf6 19. Bg4 Rxh6 20. Ne6 Bxe6 21. dxe6 c6 22. Bf5 Bf6 23. Na4 Nxa4 24. Qxa4 Qb6 25. Qc2 Rh2 26. c5 Qb4 27. cxd6+ Kf8 28. e7+ Kf7 29. Rh1 Rxh1 30. Rxh1 Qxd6 31. Qb3+ Kxe7 32. Rxh7+ Kd8 33. Qg8+ 1-0


[Site "https://www.chess.com"]

[Event "Titled Tuesday Blitz May 9 Late 2023"]
[White "Subelj, Jan"]
[Black "Kollars, Dmitrij"]
[WhiteFideId "14618583"]
[BlackFideId "12909572"]
[WhiteElo "2474"]
[BlackElo "2584"]
[Result "1/2-1/2"]
[Round "02"]
[TimeControl "180+2"]
[Date "2023.05.09"]
[WhiteClock "0:00:06"]
[BlackClock "0:00:15"]

1. e4 c6 2. Nf3 d5 3. d3 dxe4 4. dxe4 Qxd1+ 5. Kxd1 Nf6 6. Nfd2 h5 7. h4 Ng4 8. Ke2 g6 9. f3 Ne5 10. Na3 Bh6 11. Ndc4 Nxc4 12. Nxc4 Be6 13. Ne3 Nd7 14. Bd2 O-O-O 15. Bc3 f6 16. Kf2 Nc5 17. Be2 Na4 18. Ba5 b6 19. b3 bxa5 20. bxa4 Rd2 21. Rhd1 Bxe3+ 22. Kxe3 Rxc2 23. Rab1 Bc4 24. Bxc4 Rxc4 25. Rd4 Rxd4 26. Kxd4 Rd8+ 27. Kc3 Kc7 28. a3 e5 29. Rg1 Rd4 30. g4 Rxa4 31. gxh5 gxh5 32. Kb3 Rd4 33. Kc3 f5 34. Rg5 fxe4 35. fxe4 Rxe4 36. Rxh5 Kb6 37. Rg5 Rxh4 38. Rxe5 Rh3+ 39. Kb2 Rd3 40. Rh5 a4 41. Rh4 Rb3+ 42. Ka2 Kb5 43. Rh7 a6 44. Rb7+ Kc5 45. Ra7 Kb6 46. Rh7 Rf3 47. Rh4 Kb5 48. Rb4+ Ka5 49. Rb8 Rf2+ 50. Ka1 c5 51. Rb7 Rf3 52. Ka2 Rf2+ 53. Ka1 Rf6 54. Ka2 Re6 55. Rb8 Rb6 56. Rh8 Kb5 57. Rh4 Re6 58. Kb2 Re2+ 59. Ka1 Re3 60. Ka2 Re2+ 61. Ka1 Rd2 62. Rg4 Rd4 63. Rg6 Rd3 64. Kb2 Rd2+ 65. Ka1 a5 66. Rg4 Rd4 67. Rg3 Kc4 68. Kb2 Rd2+ 69. Kb1 Rd3 70. Rg4+ Kb3 71. Kc1 Rc3+ 72. Kd2 c4 73. Rg5 Rd3+ 74. Kc1 Kxa3 75. Rxa5 Rc3+ 76. Kd2 Rh3 77. Ra8 Kb3 78. Rb8+ Ka2 79. Kc2 a3 80. Rb4 Rh4 81. Kc3 Ka1 82. Rb8 a2 83. Kc2 Rh1 84. Rb7 Rg1 85. Rb8 Rg2+ 86. Kc1 Rg3 87. Kc2 Rb3 88. Rh8 Rb2+ 89. Kc1 c3 90. Ra8 Rg2 91. Rb8 Rg1+ 92. Kc2 Rb1 93. Ra8 Rb2+ 94. Kc1 Rf2 95. Rb8 Rf1+ 96. Kc2 Rh1 97. Rb7 Rh3 98. Rb8 Rh2+ 99. Kc1 Rg2 100. Rb7 Rf2 101. Rb8 Rf3 102. Kc2 Re3 103. Rb7 Re8 104. Kxc3 Re2 105. Rb8 Rf2 106. Rb7 Rg2 107. Rb8 Rh2 108. Rb7 Rh1 109. Kc2 Rh2+ 110. Kc1 Rh5 111. Kc2 Rc5+ 112. Kd2 Rc6 113. Rb8 Re6 114. Rb7 Rc6 115. Rb8 Rc4 116. Rb7 Rh4 117. Rb8 Rh1 118. Kc2 Rb1 119. Rc8 Rb7 120. Ra8 Rc7+ 121. Kd2 Rc4 122. Rb8 Rc5 123. Rb7 Rc6 1/2-1/2


[Site "https://www.chess.com"]

[Event "Titled Tuesday Blitz May 9 Late 2023"]
[White "Bortnyk, Olexandr"]
[Black "Sochacki, Christophe"]
[WhiteFideId "14120828"]
[BlackFideId "662569"]
[WhiteElo "2734"]
[BlackElo "2501"]
[Result "1-0"]
[Round "02"]
[TimeControl "180+2"]
[Date "2023.05.09"]
[WhiteClock "0:01:14"]
[BlackClock "0:00:00"]

1. d4 Nf6 2. Nc3 d5 3. Bf4 c5 4. e4 cxd4 5. Qxd4 Nc6 6. Bb5 Bd7 7. Bxc6 Bxc6 8. e5 Ne4 9. e6 Nxc3 10. bxc3 f6 11. Nf3 Qc8 12. Qe3 g5 13. Bg3 h5 14. h4 g4 15. Nd4 Bh6 16. Bf4 Bxf4 17. Qxf4 Qb8 18. Qxb8+ Rxb8 19. Kd2 Kd8 20. Rab1 Kc7 21. Rhe1 a6 22. Nf5 Rh7 23. g3 Be8 24. Rb4 b5 25. a4 bxa4 26. Rxb8 Kxb8 27. Ne3 Bc6 28. Ng2 Kc7 29. Nf4 Kd6 30. Rb1 Bb5 31. Kc1 Bc4 32. Kb2 Rh8 33. Ka3 Bb5 34. Rd1 Bc4 35. Kxa4 Rb8 36. Ka3 Rb5 37. Re1 Ra5+ 38. Kb2 Ra2+ 39. Kb1 Ra3 40. Nxh5 Rxc3 41. Ng7 Bb5 42. Nf5+ Kc7 43. Nxe7 Rf3 44. h5 Kd6 45. h6 Bc4 46. h7 1-0


[Site "https://www.chess.com"]

[Event "Titled Tuesday Blitz May 9 Late 2023"]
[White "Koellner, Ruben Gideon"]
[Black "Andreikin, Dmitry"]
[WhiteFideId "12993093"]
[BlackFideId "4158814"]
[WhiteElo "2314"]
[BlackElo "2736"]
[Result "0-1"]
[Round "02"]
[TimeControl "180+2"]
[Date "2023.05.09"]
[WhiteClock "0:00:52"]
[BlackClock "0:02:17"]

1. d4 d5 2. Nf3 Nf6 3. e3 c5 4. c3 Qc7 5. Nbd2 g6 6. Bd3 Bg7 7. O-O O-O 8. e4 cxd4 9. Nxd4 Nc6 10. Nb5 Qb8 11. exd5 Nxd5 12. Qf3 Rd8 13. Be4 Ne5 14. Qe2 Nf4 15. Qe3 Ng4 16. Qg3 Ne2+ 0-1


[Site "https://www.chess.com"]

[Event "Titled Tuesday Blitz May 9 Late 2023"]
[White "Martinez Alcantara, Jose Eduardo"]
[Black "Sun, Rick"]
[WhiteFideId "3805662"]
[BlackFideId "30909481"]
[WhiteElo "2711"]
[BlackElo "2169"]
[Result "1-0"]
[Round "02"]
[TimeControl "180+2"]
[Date "2023.05.09"]
[WhiteClock "0:00:27"]
[BlackClock "0:00:04"]

1. e4 d6 2. d4 Nf6 3. Bd3 e5 4. c3 Nc6 5. Nf3 Bg4 6. Be3 d5 7. Nbd2 exd4 8. cxd4 dxe4 9. Nxe4 Bb4+ 10. Nc3 Bxf3 11. Qxf3 Nxd4 12. Qxb7 Rb8 13. Qxa7 Nc6 14. Qa4 O-O 15. Rd1 Qe8 16. O-O Ne5 17. Qc2 Bd6 18. Bd4 Rb4 19. Bxe5 Qxe5 20. g3 Rh4 21. Rfe1 Qg5 22. Be2 Rh6 23. Ne4 Qf5 24. Nxf6+ Qxf6 25. Bd3 Rb8 26. b3 g6 27. Re3 Kg7 28. Qe2 Rb4 29. Bc4 Rh5 30. Rdd3 Rf5 31. Rf3 Bc5 32. Rxf5 Qxf5 33. Rf3 Qb1+ 34. Kg2 f5 35. Qe5+ Kh6 36. Qxc5 Rb6 37. Qe3+ Kg7 38. Qd4+ Kh6 39. Rf4 g5 40. Rf3 Rd6 41. Qe5 Rd1 42. Qf6+ Kh5 43. Bf7+ Kg4 44. h3# 1-0


[Site "https://www.chess.com"]

[Event "Titled Tuesday Blitz May 9 Late 2023"]
[White "Filgueira, Hernan"]
[Black "Bortnyk, Mykola"]
[WhiteFideId "101770"]
[BlackFideId "14120836"]
[WhiteElo "2363"]
[BlackElo "2582"]
[Result "0-1"]
[Round "02"]
[TimeControl "180+2"]
[Date "2023.05.09"]
[WhiteClock "0:00:11"]
[BlackClock "0:00:13"]

1. c4 g6 2. Nc3 Bg7 3. g3 h5 4. h4 c5 5. Bg2 Nh6 6. e3 d6 7. Nge2 Nc6 8. Nf4 O-O 9. d3 Rb8 10. Rb1 Bd7 11. Qd2 a6 12. b3 b5 13. Bb2 bxc4 14. dxc4 Ne5 15. O-O Bc6 16. Bxc6 Nxc6 17. Ncd5 Ne5 18. f3 Nf5 19. Kg2 e6 20. Nc3 Qc7 21. Ne4 Rfd8 22. Bc3 d5 23. cxd5 exd5 24. Ng5 d4 25. exd4 cxd4 26. Ba5 Ne3+ 27. Qxe3 Qxa5 28. Qf2 d3 29. Rfd1 Rbc8 30. Rd2 Rc2 31. Rbd1 Rdc8 32. Ne4 Qxa2 33. Nd5 Qa3 34. Qa7 Rd8 35. Qb7 Rxd2+ 36. Rxd2 Qa5 37. b4 Qxd5 38. Qxd5 Rxd5 39. Nc5 Bf8 40. Nxa6 Nc4 0-1


[Site "https://www.chess.com"]